 Dungeon Crawl Stone Soup version 0.31.0-32-g396128a36d (webtiles) character file.

Game seed: 16628792352571011584

943 bnorton916 the Magician (level 7, -1/36 HPs)
             Began as a Deep Elf Fire Elementalist on Apr 15, 2024.
             Was an Initiate of Gozag.
             Slain by a gnoll
             ... wielding a +0 whip
             ... led by a gnoll sergeant
              (8 damage)
             ... on level 5 of the Dungeon.
             The game lasted 00:07:48 (6548 turns).

bnorton916 the Magician (DEFE)                      Turns: 6548, Time: 00:07:49

Health: -1/36      AC:  3    Str: 11    XL:     7   Next: 88%
Magic:  9/20       EV: 27    Int: 22    God:    Gozag
Gold:   286        SH:  0    Dex: 15    Spells: 14/21 levels left

rFire   . . .        (no weapon)
rCold   . . .        (no shield)
rNeg    . . .        a - +0 robe
rPois   .            o - +0 helmet
rElec   .            l - scarf {+Inv}
rCorr   .            (no gloves)
SInv    .            (no boots)
Will    .....        e - amulet of the acrobat
Stlth   ++           A - ring of wizardry
HPRegen 0.26/turn    c - +6 ring of strength
MPRegen 0.17/turn

%: acrobat, wizardry (x1)
@: acrobatic
A: no striking features
a: Renounce Religion, Evoke Invisibility, Potion Petition, Call Merchant, Bribe
Branch


You were on level 5 of the Dungeon.
You worshipped Gozag.
Gozag was aware of your devotion.
You visited 2 branches of the dungeon, and saw 6 of its levels.
You also visited: Sewer.

You collected 351 gold pieces.
You paid 65 gold pieces to Gozag.

Inventory:

Missiles
 f - 2 curare-tipped darts
 q - 3 darts of dispersal
 u - 3 javelins (quivered)
 D - a throwing net
Armour
 a - a +0 robe (worn)
 l - a scarf of invisibility (worn)
 o - a +0 helmet (worn)
Magical Staves
 y - a staff of alchemy
Jewellery
 c - a +6 ring of strength (right hand)
 e - an amulet of the acrobat (around neck)
 r - a ring of ice
 w - an amulet of magic regeneration
 A - a ring of wizardry (left hand)
Wands
 C - a wand of paralysis (16)
Scrolls
 g - a scroll of fog
 j - a scroll of blinking {unknown}
 n - a scroll of torment {unknown}
 p - a scroll of vulnerability {unknown}
 s - a scroll of enchant weapon {unknown}
 x - 2 scrolls of butterflies {unknown}
 B - a scroll of immolation {unknown}
 E - a scroll of fear {unknown}
Potions
 b - 3 potions of magic
 d - a potion of brilliance {unknown}
 h - 2 potions of ambrosia {unknown}
 i - a potion of mutation {unknown}
 k - 6 potions of curing
 m - a potion of haste {unknown}
 t - 4 potions of enlightenment
 v - a potion of heal wounds
 z - 2 potions of lignification {unknown}


   Skills:
 - Level 2.4 Dodging
 - Level 2.4 Stealth
 + Level 7.5 Spellcasting
 + Level 5.6 Conjurations
 + Level 6.6 Fire Magic


You had 14 spell levels left.
You knew the following spells:

 Your Spells              Type           Power      Damage    Failure   Level
a - Foxfire               Conj/Fire      100%       2x1d9     1%          1
b - Scorch                Fire           74%        2d8       1%          2
c - Flame Wave            Conj/Fire      35%        2d10      2%          4

Your spell library contained the following spells:

 Spells                   Type           Power      Damage    Failure   Level
 Inner Flame              Hex/Fire       22%        N/A       2%          3
 Volatile Blastmotes      Fire/Tloc      44%        2d13      2%          3


Dungeon Overview and Level Annotations

Branches:
Dungeon (5/15)             Temple (1/1) D:5           Sewer (visited)

Altars:
Ashenzari
Cheibriados
Elyvilon
Gozag
Kikubaaqudgha
Nemelex Xobeh
Qazlal
Sif Muna
Trog
Wu Jian
Yredelemnul
Zin


Message History

An adder comes into view.
The gnoll sergeant attacks as it pursues you!
The gnoll sergeant barely misses you.
Casting: Scorch (safe; 1% risk of failure)
Confirm with . or Enter, or press ? or * to list all spells.
Flames lash the orc priest.
You kill the orc priest!
You hear a shout!
The adder hisses angrily.
Unknown command.
Casting: Scorch (safe; 1% risk of failure)
Confirm with . or Enter, or press ? or * to list all spells.
You conjure some foxfire!
The foxfire hits the adder.
The adder is moderately wounded.
The foxfire hits the adder.
The adder is moderately wounded.
The gnoll sergeant hits you with a +0 spear.
Unknown command.
As you read the scroll of fog, it dissolves into smoke.
The adder bites you.
You are poisoned.
The adder poisons you! The adder misses you.
You feel sick. The gnoll sergeant closely misses you.
You feel sick. The gnoll sergeant closely misses you.
The gnoll hits you but does no damage.
You feel sick.
The adder is distracted by your dazzling golden aura.
The gnoll sergeant completely misses you.
You feel sick. The gnoll attacks as it pursues you!
The gnoll completely misses you.
You feel sick. The gnoll attacks as it pursues you!
The gnoll completely misses you.
You feel sick. The gnoll misses you.
You feel sick.
You are no longer poisoned.
The gnoll attacks as it pursues you! The gnoll closely misses you.
The gnoll attacks as it pursues you! The gnoll completely misses you.
The gnoll attacks as it pursues you! The gnoll hits you with a +0 whip!
You die...
Your body crumbles into a pile of gold.

#### ##..# ### #...###.####
##.....#....# #...........######
##....#g..#.#..#.##
#...g.##g.g@[.#..#####
#####........###..>...##.##
##.#.§§..##.#..#....##.....#
#.....§§§##.#.......##....##
.....$§§§S#§#.......#....##
#.....§#§§§§.............#
##....g#§§§§............## ###
#####.###§§..............####.###
..#..g.# #......##.........##.#..


You could see a gnoll sergeant and 2 gnolls.

Vanquished Creatures
  A black bear (D:5)
  An ogre (D:4)
  A phantom (D:4)
  2 kobold brigands (Sewer)
  A scorpion (D:3)
  A jelly (D:5)
  2 orc priests (D:5)
  2 iguanas (D:5)
  A sleepcap (D:4)
  4 orc wizards
  8 adders
  A river rat (D:4)
  A white imp (D:5)
  2 ufetubi (D:4)
  3 ribbon worms
  4 dart slugs
  20 orcs
  2 endoplasms (D:4)
  4 giant cockroaches
  8 goblins
  5 hobgoblins
  A jackal (Sewer)
  8 quokkas
  8 ball pythons
  9 bats
  2 frilled lizards
  9 kobolds
  9 rats
120 creatures vanquished.

Vanquished Creatures (others)
  486 foxfires
486 creatures vanquished.

Grand Total: 606 creatures vanquished

Notes
Turn   | Place    | Note
-------+----------+-------------------------------------------
     0 | D:1      | bnorton916 the Deep Elf Fire Elementalist began the quest
                  | for the Orb.
     0 | D:1      | Reached XP level 1. HP: 10/10 MP: 6/6
   528 | D:1      | Reached XP level 2. HP: 15/15 MP: 6/8
  1352 | D:2      | Learned a level 2 spell: Scorch
  1513 | D:2      | Reached XP level 3. HP: 19/19 MP: 8/10
  2473 | D:3      | Reached skill level 4 in Spellcasting
  2542 | D:3      | Noticed a scorpion
  2553 | D:3      | Killed a scorpion
  2554 | D:3      | Reached XP level 4. HP: 24/24 MP: 5/12
  3063 | D:3      | Reached XP level 5. HP: 28/28 MP: 10/14
  3324 | D:3      | Found a faded altar of an unknown god.
  3746 | D:4      | Noticed an ogre
  3775 | D:4      | Reached skill level 5 in Spellcasting
  3846 | D:4      | Found a glowing drain.
  3949 | Sewer    | Entered a sewer
  3971 | Sewer    | Learned a level 4 spell: Flame Wave
  4032 | Sewer    | Reached skill level 5 in Fire Magic
  4032 | Sewer    | Reached XP level 6. HP: 3/32 MP: 6/16
  4313 | Sewer    | Found a white marble altar of Elyvilon.
  4419 | D:4      | Reached skill level 6 in Spellcasting
  4808 | D:4      | Reached XP level 7. HP: 34/36 MP: 10/18
  5568 | D:4      | Found an opulent altar of Gozag.
  5587 | D:4      | Became a worshipper of Gozag Ym Sagoz the Greedy
  5648 | D:5      | Entered Level 5 of the Dungeon
  5662 | D:5      | Reached skill level 5 in Conjurations
  6217 | D:5      | Reached skill level 7 in Spellcasting
  6396 | D:5      | Found a staircase to the Ecumenical Temple.
  6413 | Temple   | Entered the Ecumenical Temple
  6548 | D:5      | Slain by a gnoll

Illustrated notes

Levels and vault maps discovered:
D:1:      minmay_arrival_split_and_join, layout_basic, columned_hall_lemuel,
          serial_park_tiny_pond
D:2:      layout_loops_ring
D:3:      layout_loops_ring, ebering_ecumenical_altar_hall
D:4:      layout_basic, mainiacjoe_overflow_alcove_4, portal_sewer_entry_a
D:5:      layout_cave_pools, minmay_temple_entry_overgrown
Temple:   minmay_temple_curvy_loop

Skill      XL: |  1  2  3  4  5  6  7 |
---------------+----------------------+-----
Conjurations   | 2 3 4 5 |  5.6
Spellcasting   | 4 5 6 7 |  7.5
Fire Magic     | 4 5 6 |  6.6
Dodging        | |  2.4
Stealth        | |  2.4

Action                     |  1- 3 |  4- 6 |  7- 9 || total
---------------------------+-------+-------+-------++-------
  Melee: Unarmed           |       |       |     1 ||     1
  Throw: Javelin           |     1 |       |       ||     1
   Cast: Foxfire           |   120 |    95 |    86 ||   301
         Scorch            |     2 |    18 |    23 ||    43
    Use: Scroll            |       |     4 |     1 ||     5
 Armour: Robe              |    12 |    15 |    23 ||    50
  Dodge: Dodged            |    22 |    19 |    43 ||    84
